 Dungeon Crawl Stone Soup version 0.27.1-37-g7b29ead8ac (webtiles) character file.

Game seed: 6727649995314200321

274980 tkbsonic5 the Warrior (level 20, -13/145 HPs)
             Began as a Gargoyle Fighter on Apr 30, 2023.
             Was a High Priest of Qazlal.
             Mangled by a large slime creature (16 damage)
             ... on level 3 of the Pits of Slime on July 10, 2023.
             The game lasted 03:41:03 (40273 turns).

tkbsonic5 the Warrior (Gargoyle Fighter)           Turns: 40273, Time: 03:41:03

Health: -13/145    AC: 39    Str: 26      XL:     20   Next: 33%
Magic:  19/31      EV: 13    Int: 11      God:    Qazlal [*****.]
Gold:   750        SH: 20    Dex:  5 (6)  Spells: 19/19 levels left

rFire    + . .     SeeInvis .   t - +3 demon trident (drain) {(4,15++)}
rCold    . . .     Faith    .   H - +0 kite shield {reflect}
rNeg     + . .     Spirit   .   Z - +3 plate armour {rPois} {(*12)}
rPois    ∞         Reflect  +   (helmet restricted)
rElec    +         Harm     .   F - +0 cloak of Curuneh {rF+, THAT'S GOD NIGGA}
rCorr    +         Rampage  .   b - +1 pair of gloves {Stlth+}
Will     +....     Rnd*Rage +   E - +2 pair of boots
Stlth    ..........             l - amulet of regeneration
HPRegen  1.34/turn              p - +4 ring of evasion
MPRegen  0.22/turn              a - ring of resist corrosion

@: protected from physical damage, flying, studying Staves, repel missiles
A: sickness immunity, AC +15, big wings, negative energy resistance 1,
electricity resistance, torment resistance 1, petrification resistance, horns 1,
berserk 1, clumsy 2, deformed body, deterioration 1, robust 1, sturdy frame 1
}: 2/15 runes: barnacled, gossamer
a: Renounce Religion, Upheaval, Elemental Force, Disaster Area


You were on level 3 of the Pits of Slime.
You worshipped Qazlal.
Qazlal was extremely pleased with you.
You visited 7 branches of the dungeon, and saw 35 of its levels.
You visited the Abyss 1 time.

You collected 3104 gold pieces.
You spent 2354 gold pieces at shops.

Inventory:

Hand Weapons
 m - a +3 vampiric trident {Abysswalker Blackwell (4,12)}
 n - a +0 antimagic demon whip {(1,11) Anima Whip (Trans Pride Drains Evil)}
 t - a +3 demon trident of draining (weapon) {(4,15++)}
 v - a +4 rapier of holy wrath
 R - the +11 hunting sling of Growth {venom, rF+, Expelling Toxic Self (13,18+)}
   (You bought it in a shop on level 7 of the Dungeon)

   Any ammunition fired from it poisons the flesh of those it strikes.
   rF:        It protects you from fire.
Missiles
 i - 129 sling bullets
 r - 77 boomerangs {the storm is my calm}
 u - 55 poisoned darts {LairWalker}
 w - 10 poisoned darts {meatgrinder flow}
 I - 7 boomerangs of dispersal
 S - 11 throwing nets
 W - 28 silver javelins (quivered)
Armour
 b - a +1 pair of gloves of stealth (worn)
 j - a +2 helmet {(3) Oh. Gargoyles are Black!}
 E - a +2 pair of boots (worn)
 F - the +0 cloak of Curuneh (worn) {rF+, THAT'S GOD NIGGA}
   (You found it on level 9 of the Dungeon)

   rF:        It protects you from fire.
 H - a +0 kite shield of reflection (worn)
 L - the +2 shield of Resistance {rF++ rC++ Will++}
   (You bought it in a shop on level 2 of the Orcish Mines)

   rF:        It greatly protects you from fire.
   rC:        It greatly protects you from cold.
   Will:      It greatly increases your willpower.
 V - a +0 tower shield
 Z - a +3 plate armour of poison resistance (worn) {(*12)}
Magical Staves
 B - a staff of poison
Jewellery
 a - a ring of resist corrosion (right hand)
 d - an amulet of reflection
 g - a ring of positive energy
 l - an amulet of regeneration (around neck)
 o - a +4 ring of evasion
 p - a +4 ring of evasion (left hand)
 q - a ring of fire
 z - the ring of Zabifabb {*Corrode rF+ Int+3 Dex+3 SInv}
   (You acquired it on level 8 of the Dungeon)

   [ring of protection from fire]

   Int:       It affects your intelligence (+3).
   Dex:       It affects your dexterity (+3).
   rF:        It protects you from fire.
   SInv:      It lets you see invisible.
   *Corrode:  It may corrode you when you take damage.
 P - a ring of protection from fire
 U - a ring of wizardry
 Y - a +6 ring of dexterity
Wands
 y - a wand of paralysis (14)
 G - a wand of digging (12)
 N - a wand of iceblast (10)
 O - a wand of polymorph (3)
 T - a wand of flame (40)
Scrolls
 f - 18 scrolls of identify
 C - 2 scrolls of holy word
 D - 6 scrolls of teleportation
 J - 11 scrolls of amnesia
 Q - a scroll of silence
Potions
 c - 2 potions of cancellation
 h - 7 potions of curing
 k - 2 potions of magic
 s - 4 potions of heal wounds
 x - 3 potions of lignification
 A - a potion of might
 K - 2 potions of brilliance
 M - 3 potions of ambrosia
Miscellaneous
 e - a lightning rod (4/4)
 X - a tin of tremorstones (2/2)


   Skills:
 * Level 16.5 Fighting
 - Level 5.4(11.1) Axes
 - Level 3.3(5.1) Maces & Flails
 - Level 14.3(14.7) Polearms
 + Level 10.1(11.4) Slings
 - Level 2.2 Crossbows
 * Level 8.8(10.8) Throwing
 * Level 12.0 Armour
 - Level 5.3 Dodging
 * Level 14.5 Shields
 + Level 14.7 Invocations
 - Level 9.1 Evocations


You had 19 spell levels left.
You didn't know any spells.
Your spell library contained the following spells:

 Spells                   Type           Power      Damage    Failure   Level
 Animate Skeleton         Necr           0%         N/A       89%         1
 Apportation              Tloc           0%         N/A       89%         1
 Corona                   Hex            0%         N/A       89%         1
 Summon Small Mammal      Summ           0%         N/A       89%         1
 Slow                     Hex            0%         N/A       96%         2
 Call Canine Familiar     Summ           0%         N/A       99%         3
 Confusing Touch          Hex            0%         N/A       99%         3
 Inner Flame              Hex/Fire       0%         N/A       99%         3
 Mephitic Cloud           Conj/Pois/Air  0%         N/A       99%         3
 Ozocubu's Armour         Ice            0%         N/A       99%         3
 Portal Projectile        Hex/Tloc       0%         N/A       99%         3
 Tukima's Dance           Hex            0%         N/A       99%         3
 Cause Fear               Hex            0%         N/A       100%        4
 Leda's Liquefaction      Hex/Erth       0%         N/A       100%        4
 Passage of Golubria      Tloc           N/A        N/A       100%        4
 Petrify                  Tmut/Erth      0%         N/A       100%        4
 Summon Ice Beast         Ice/Summ       0%         N/A       100%        4
 Summon Lightning Spire   Summ/Air       0%         N/A       100%        4
 Metabolic Englaciation   Hex/Ice        0%         N/A       100%        5
 Yara's Violent Unravell  Hex/Tmut       0%         3d3       100%        5
 Iron Shot                Conj/Erth      0%         9d1       100%        6
 Ozocubu's Refrigeration  Ice            0%         4d5       100%        7
 Storm Form               Tmut/Air       0%         N/A       100%        7
 Discord                  Hex            0%         N/A       100%        8
 Maxwell's Capacitive Co  Air            0%         ∞         100%        8
 Statue Form              Tmut/Erth      Unusable   N/A       N/A         6

Dungeon Overview and Level Annotations

Branches:
Dungeon (15/15)            Temple (0/1) D:7            Lair (6/6) D:11
 Shoals (4/4) Lair:3       Spider (4/4) Lair:2        Slime (3/5) Lair:6
    Orc (2/2) D:11            Elf (1/3) Orc:2        Vaults (0/5) D:14
 Depths (0/5) D:15

Altars:
Makhleb
Okawaru
Qazlal
Trog
Uskayaw
Wu Jian
Yredelemnul
Zin
Jiyva

Shops:
D:7 (   D:10 *   Orc:1 !   Orc:2 [(![   Elf:1 :   Shoals:4 *

Annotations:
D:3 3 runed translucent doors, 0gre's ghost, amateur GnIE; stevothebomb's ghost, weakling HOFi
Shoals:4 2 runed translucent doors, Joey1's ghost, journeyman MiBe


Innate Abilities, Weirdness & Mutations

You are immune to sickness and miasma.
Your stone body is resilient. (AC +15)
You are immune to poison.
Your large and strong wings let you fly.
You resist negative energy. (rN+)
You are resistant to electric shocks. (rElec)
You are resistant to unholy torment.
You are immune to petrification.
You have a pair of small horns on your head.
You tend to lose your temper in combat.
You are very clumsy. (Dex -4)
Armour fits poorly on your strangely shaped body.
Your body sometimes deteriorates upon taking damage.
You are robust. (+10% HP)
Your movements are slightly less encumbered by armour. (ER -2)


Message History

Okay, then.
Nature churns violently around you!
The blast of rubble hits the shining eye!!
The shining eye is almost dead.
The blast of rubble hits the slime creature!!
The slime creature is almost dead.
The blast of rubble hits the shining eye!!
You kill the shining eye!
Qazlal accepts your kill.
The blast of rubble hits the very large slime creature!!!
The very large slime creature is heavily wounded.
The blast of rubble hits the golden eye!!!
You kill the golden eye!
Qazlal accepts your kill.
The blast of rubble hits the shining eye!!!
You kill the shining eye!
Qazlal accepts your kill.
The blast of rubble hits the slime creature!!
You kill the slime creature!
Qazlal accepts your kill.
The blast of rubble hits the golden eye!!
You kill the golden eye!
Qazlal accepts your kill.
The cutting wind hits the large slime creature!!
The large slime creature is severely wounded.
The blast of ice hits the very large slime creature!!
The very large slime creature is severely wounded.
The very large slime creature is flash-frozen.
The large slime creature is struck by lightning.
You block the large slime creature's attack.
The very large slime creature hits you!!
* * * LOW HITPOINT WARNING * * *
Your body deteriorates!
You feel clumsy.
You feel your dexterity returning.
Unknown command.
Unknown command.
Unknown command.
Unknown command.
The large slime creature hits you!
You die...

.....# ......##
##......#
#........ ##
.#......≈##.##
.....##.≈.≈§.#
......##☼≈#..##
.....≈.§.○§...#
..≈..≈.<☼@..☼##
>.....≈..JJ.##
.......○§...°#
.....§##≈(.§..#
...... ##(##.##
...#.# ### ##
.#.## .


You could see a very large slime creature (frozen) and a large slime creature.

Vanquished Creatures
  Bai Suzhen (Spider:3)
  Arachne (Spider:3)
  3 krakens
  4 acid blobs
  Polyphemus (Shoals:2)
  Kirke (Shoals:4)
  Roxanne (Shoals:3)
  Donald (Spider:3)
  Ilsuiw (Shoals:3)
  3 rockslimes
  2 azure jellies (Slime:1)
  The ghost of grimtooth the Arsonist, a journeyman DgFE (D:15)
  An orc warlord (D:12)
  7 ghost moths
  A deep elf elementalist (Elf:1)
  A quicksilver ooze (Lair:2)
  5 emperor scorpions
  A deep elf demonologist (Elf:1)
  6 spark wasps
  4 entropy weavers
  6 merfolk javelineers
  10 merfolk impalers
  9 hydras
  Harold (D:8)
  5 boulder beetles
  A catoblepas (Lair:5)
  A vault guard (D:14)
  5 merfolk avatars
  9 death yaks
  5 centaur warriors
  2 alligator snapping turtles
  8 merfolk aquamancers
  A two-headed ogre (D:13)
  4 dancing weapons (Elf:1)
  4 satyrs
  Urug (Lair:4)
  2 deep elf knights (Elf:1)
  A sixfirhy (Abyss:1)
  The ghost of AverageBear the Cleaver, a novice DDFi of Makhleb (D:7)
  2 wretched stars (Abyss:1)
  7 skeletal warriors
  A glowing orange brain (Abyss:1)
  A flayed ghost (D:15)
  8 sea snakes
  9 deep elf pyromancers
  Pikel (D:7)
  2 orc knights (Orc:2)
  3 necromancers
  4 deep elf archers (Elf:1)
  12 deep elf zephyrmancers (Elf:1)
  24 harpies
  5 shining eyes
  An orc sorcerer (Orc:2)
  49 wolf spiders
  18 ugly things
  A mana viper (Abyss:1)
  7 cyclopes
  A tengu skeleton (D:15)
  12 orb spiders
  9 fauns
  17 manticores
  5 merfolk sirens
  A moth of wrath (Spider:2)
  23 elephants
  A black mamba (Lair:3)
  4 water nymphs
  5 torpor snails
  16 cane toads
  An unseen horror (D:12)
  An elf zombie (D:15)
  An eye of devastation (Slime:3)
  A freezing wraith (D:11)
  8 demonic crawlers
  4 rime drakes
  5 komodo dragons
  2 trolls
  A spriggan skeleton (D:15)
  36 merfolk
  7 wind drakes
  2 meliai (D:13)
  A polar bear (Lair:1)
  19 jumping spiders
  12 hornets
  A raiju (Abyss:1)
  16 blink frogs
  33 slime creatures
  8 snapping turtles
  13 dream sheep
  12 water elementals
  30 yaks
  An ettin skeleton (D:15)
  34 tarantellas
  82 redbacks
  6 wyverns
  12 spriggans (Lair:3)
  2 wraiths
  9 basilisks
  7 golden eyes
  A hog (Shoals:4)
  19 humans
  A steam dragon (Lair:3)
  4 vampire mosquitoes
  20 water moccasins
  An acid dragon (D:9)
  48 orc warriors
  A black bear (shapeshifter) (Elf:1)
  2 sky beasts
  An ice beast (D:6)
  2 ogres (Orc:2)
  2 black bears (D:6)
  A necrophage (D:4)
  3 boggarts (Lair:3)
  24 centaurs
  16 wolves
  A lemure (D:7)
  A kobold brigand (D:6)
  13 bullfrogs
  2 small abominations (Abyss:1)
  4 earth elementals (Elf:1)
  4 scorpions
  2 water moccasin skeletons
  9 killer bees
  10 wights
  3 electric eels
  A bullfrog zombie (D:7)
  6 centaur zombies
  3 hounds
  A jelly (D:8)
  A centaur skeleton (D:7)
  A gnoll shaman (D:7)
  4 orc priests
  2 iron imps (Abyss:1)
  8 orc wizards
  3 iguanas
  5 gnolls
  5 adders
  2 white imps
  2 ufetubi
  2 worms
  2 dart slugs
  39 orcs
  7 ball pythons
  12 bats
  8 endoplasms
  6 giant cockroaches
  15 goblins
  8 hobgoblins
  11 jackals
  2 quokkas
  5 frilled lizards
  7 kobolds
  28 rats
  8 tentacles
1137 creatures vanquished.

Vanquished Creatures (collateral kills)
  Mara (Shoals:3)
  An entropy weaver (Spider:2)
  A hydra (Lair:6)
  A merfolk avatar (Lair:6)
  A catoblepas (Shoals:2)
  A death yak (Shoals:2)
  A tengu warrior (D:13)
  A sea snake (Shoals:2)
  An orb spider (Spider:3)
  3 wolf spiders
  An elephant (Lair:6)
  An orange demon (Abyss:1)
  A rime drake (Lair:6)
  2 demonic crawlers (Spider:3)
  A tengu conjurer (D:13)
  A merfolk (Shoals:2)
  3 jumping spiders
  A wind drake (Shoals:2)
  A raiju (Abyss:1)
  2 snapping turtles
  6 redbacks
  5 tarantellas
  6 yaks (D:12)
  3 humans (D:14)
  A water moccasin (Lair:6)
  An orc warrior (Orc:2)
  An ogre (D:6)
  A scorpion (D:7)
  4 orc priests
  2 gnolls (Orc:2)
  3 orcs (Orc:2)
59 creatures vanquished.

Vanquished Creatures (others)
  A deep elf knight (Elf:1)
  A sea snake (Shoals:4)
  A meliai (D:13)
  2 vampire mosquitoes (D:13)
  49 fungi
  123 plants
  20 tentacles
  8 withered plants
205 creatures vanquished.

Grand Total: 1401 creatures vanquished

Notes
Turn   | Place    | Note
-------+----------+-------------------------------------------
     0 | D:1      | tkbsonic5 the Gargoyle Fighter began the quest for the Orb.
     0 | D:1      | Reached XP level 1. HP: 14/14 MP: 1/1
    66 | D:1      | Reached XP level 2. HP: 5/19 MP: 2/2
   664 | D:1      | Found a faded altar of an unknown god.
   671 | D:1      | Became a worshipper of Qazlal Stormbringer
   671 | D:1      | Reached * piety under Qazlal
   911 | D:1      | Reached skill level 1 in Invocations
   911 | D:1      | Reached XP level 3. HP: 23/23 MP: 3/3
  1628 | D:2      | Reached ** piety under Qazlal
  1805 | D:2      | Reached XP level 4. HP: 29/29 MP: 5/5
  2626 | D:3      | Found a runed translucent gate.
  2626 | D:3      | Found a runed translucent gate.
  2627 | D:3      | Found a runed translucent gate.
  2628 | D:3      | Noticed stevothebomb's ghost (weakling HOFi)
  2629 | D:3      | Noticed 0gre's ghost (amateur GnIE)
  2652 | D:3      | Reached skill level 4 in Fighting
  2910 | D:3      | Reached XP level 5. HP: 33/33 MP: 6/6
  3334 | D:3      | Reached skill level 1 in Polearms
  3773 | D:4      | Noticed a necrophage
  3781 | D:4      | Killed a necrophage
  3782 | D:4      | Reached XP level 6. HP: 39/39 MP: 6/8
  3901 | D:4      | Reached skill level 1 in Throwing
  3948 | D:4      | Reached XP level 7. HP: 35/44 MP: 2/9
  3953 | D:4      | Reached skill level 5 in Fighting
  4500 | D:4      | Reached *** piety under Qazlal
  4751 | D:5      | Entered Level 5 of the Dungeon
  5104 | D:5      | Reached XP level 8. HP: 51/51 MP: 11/11
  5142 | D:5      | Found a bloodstained altar of Trog.
  5792 | D:6      | Reached skill level 6 in Fighting
  5817 | D:6      | Found a hide-covered altar of Uskayaw.
  5933 | D:6      | Reached skill level 5 in Invocations
  6544 | D:7      | Noticed Pikel
  6595 | D:7      | Killed Pikel
  6596 | D:7      | Reached skill level 7 in Fighting
  6596 | D:7      | Reached XP level 9. HP: 57/57 MP: 13/13
  6642 | D:7      | Reached skill level 5 in Polearms
  6687 | D:7      | Found a runed translucent gate.
  6687 | D:7      | Found a runed translucent gate.
  6689 | D:7      | Found a runed translucent gate.
  6690 | D:7      | Noticed AverageBear's ghost (novice DDFi)
  6691 | D:7      | Found Kelakes's Weapon Boutique.
  6701 | D:7      | Bought a +1 vorpal hand crossbow for 134 gold pieces
  6765 | D:7      | Found a staircase to the Ecumenical Temple.
  6871 | D:7      | Found an ornate altar of the Wu Jian Council.
  6997 | D:7      | Reached skill level 8 in Fighting
  7595 | D:8      | Noticed a boulder beetle
  7616 | D:8      | Killed a boulder beetle
  7617 | D:8      | Reached XP level 10. HP: 65/65 MP: 9/16
  7790 | D:8      | Identified a scroll of acquirement
  7790 | D:8      | Acquired the ring of Zabifabb {*Corrode rF+ Int+3 Dex+3
                  | SInv}
  7941 | D:8      | Noticed Harold
  7946 | D:8      | Killed Harold
  7947 | D:8      | Reached skill level 9 in Fighting
  8996 | D:9      | Identified the +0 cloak of Curuneh {rF+}
  9147 | D:9      | Found a basalt altar of Yredelemnul.
  9647 | D:10     | Entered Level 10 of the Dungeon
  9930 | D:10     | Found Ruizat's Assorted Antiques.
  9940 | D:10     | Bought a scroll of enchant armour for 240 gold pieces
  9982 | D:10     | Found a burning altar of Makhleb.
  9984 | D:10     | Found a glowing silver altar of Zin.
  9984 | D:10     | Noticed an angel
  9985 | D:10     | Noticed a green death
 10231 | D:10     | Reached XP level 11. HP: 71/71 MP: 17/17
 10387 | D:11     | Reached skill level 10 in Polearms
 10611 | D:11     | Found a staircase to the Lair.
 10985 | D:11     | Found a staircase to the Orcish Mines.
 11044 | D:11     | Noticed a cyclops
 11053 | D:11     | Killed a cyclops
 11517 | Lair:1   | Entered Level 1 of the Lair of Beasts
 12432 | Lair:2   | Noticed a seven-headed hydra
 12448 | Lair:2   | Killed a seven-headed hydra
 12465 | Lair:2   | Reached XP level 12. HP: 38/76 MP: 13/18
 12650 | Lair:2   | Found a hole to the Spider Nest.
 14124 | Lair:3   | Reached skill level 1 in Evocations
 14125 | Lair:3   | Reached skill level 1 in Dodging
 14125 | Lair:3   | Noticed a five-headed hydra
 14145 | Lair:3   | Killed a five-headed hydra
 14146 | Lair:3   | Reached skill level 5 in Shields
 14195 | Lair:3   | Reached skill level 10 in Fighting
 14257 | Lair:3   | Found a staircase to the Shoals.
 14360 | Lair:3   | Reached XP level 13. HP: 70/82 MP: 14/19
 14800 | D:10     | Bought a pink potion for 28 gold pieces
 14800 | D:10     | Bought a fizzy coppery potion for 28 gold pieces
 14800 | D:10     | Bought a scroll labelled GOAZONLIVUZ for 32 gold pieces
 14800 | D:10     | Bought a potion of lignification for 96 gold pieces
 14987 | Lair:3   | Reached skill level 5 in Armour
 15252 | Lair:4   | Noticed Urug
 15880 | Lair:4   | Reached skill level 1 in Crossbows
 15963 | Lair:4   | Reached skill level 1 in Axes
 16067 | Lair:4   | Killed Urug
 16188 | Lair:4   | Reached skill level 11 in Fighting
 17056 | Lair:5   | Reached skill level 10 in Invocations
 17056 | Lair:5   | Gained mutation: Your large and strong wings let you fly.
                  | [Gargoyle growth]
 17056 | Lair:5   | Reached XP level 14. HP: 81/90 MP: 21/21
 17384 | Lair:6   | Entered Level 6 of the Lair of Beasts
 17545 | Lair:6   | Found a staircase to the Slime Pits.
 17597 | Lair:6   | Found a viscous altar of Jiyva.
 17870 | Lair:6   | Reached skill level 12 in Fighting
 17980 | Lair:6   | Reached **** piety under Qazlal
 18255 | Lair:6   | Acquired 705 gold pieces
 18786 | D:7      | Bought the +11 hunting sling of Growth {venom, rF+} for 778
                  | gold pieces
 19089 | D:12     | Reached skill level 5 in Evocations
 19372 | D:12     | Reached skill level 1 in Slings
 19440 | D:12     | Identified the +0 kite shield of Going Fast {Will+ Dex+4}
 19495 | D:12     | Identified the +5 scimitar "Newtslayer" {spect, rC+ Str+2
                  | Int-4}
 19546 | D:12     | Noticed an orc warlord
 19547 | D:12     | Found an iron altar of Okawaru.
 19579 | D:12     | Killed an orc warlord
 20022 | D:13     | Reached XP level 15. HP: 97/97 MP: 22/22
 20041 | D:13     | Reached skill level 5 in Axes
 20111 | D:13     | Cast into level 1 of the Abyss (meliai)
 20132 | Abyss:1  | Found a corrupted altar of Lugonu.
 20132 | Abyss:1  | Found a radiant altar of Vehumet.
 20306 | Abyss:1  | Paralysed by accursed screaming for 2 turns
 20363 | Abyss:1  | Noticed a yellow draconian shifter
 20377 | Abyss:1  | Gained mutation: You are robust. (+10% HP) [potion of
                  | mutation]
 20377 | Abyss:1  | Gained mutation: Your body often deteriorates upon taking
                  | damage. [potion of mutation]
 20524 | D:13     | Escaped the Abyss
 21412 | D:14     | Reached skill level 10 in Shields
 22366 | D:14     | Found a gate to the Vaults.
 22765 | D:15     | Entered Level 15 of the Dungeon
 23059 | D:14     | Reached skill level 13 in Fighting
 23325 | D:15     | Found a staircase to the Depths.
 23542 | D:15     | Found a runed translucent door.
 23544 | D:15     | Noticed grimtooth's ghost (journeyman DgFE)
 23781 | D:15     | Reached skill level 5 in Slings
 23792 | D:15     | Reached XP level 16. HP: 114/114 MP: 24/24
 24098 | Orc:1    | Entered Level 1 of the Orcish Mines
 24098 | Orc:1    | Found Ammotsoi's Distillery.
 24158 | Orc:2    | Entered Level 2 of the Orcish Mines
 24299 | Orc:2    | Found a staircase to the Elven Halls.
 24377 | Orc:2    | Reached skill level 5 in Throwing
 24540 | Orc:2    | Found Siribb's Distillery.
 24540 | Orc:2    | Found Ukkasaom's Weapon Boutique.
 24565 | Orc:2    | Found Pufun's Armour Shoppe.
 24569 | Orc:2    | Found Caotz's Antique Armour Shop.
 25195 | Orc:2    | Bought a potion of berserk rage for 80 gold pieces
 25195 | Orc:2    | Bought a potion of haste for 160 gold pieces
 25198 | Orc:2    | Bought the +2 shield of Resistance {rF++ rC++ Will++} for
                  | 778 gold pieces
 25198 | Orc:2    | Found the +2 shield of Resistance {rF++ rC++ Will++}
 25598 | D:7      | Killed AverageBear's ghost
 25598 | D:7      | Reached ***** piety under Qazlal
 26179 | D:15     | Killed grimtooth's ghost
 26623 | Spider:1 | Entered Level 1 of the Spider Nest
 28955 | Spider:2 | Reached skill level 14 in Fighting
 28973 | Spider:2 | Reached XP level 17. HP: 79/122 MP: 19/26
 29437 | Spider:2 | You are sucked into a shaft and drop 1 floor!
 30484 | Spider:4 | Entered Level 4 of the Spider Nest
 30558 | Spider:4 | Noticed Donald
 30768 | Spider:3 | Killed Donald
 30832 | Spider:4 | Reached skill level 5 in Dodging
 31496 | Spider:4 | Noticed Bai Suzhen
 31562 | Spider:4 | Noticed Arachne
 31894 | Spider:3 | Killed Arachne
 32103 | Spider:3 | Killed Bai Suzhen
 32134 | Spider:3 | Reached XP level 18. HP: 92/128 MP: 8/28
 32759 | Spider:4 | Got a gossamer rune of Zot
 32912 | Shoals:1 | Entered Level 1 of the Shoals
 33688 | Shoals:1 | Reached skill level 15 in Fighting
 34440 | Shoals:2 | Noticed Polyphemus
 34493 | Shoals:2 | Killed Polyphemus
 35267 | Shoals:3 | Noticed Ilsuiw
 35281 | Shoals:3 | Reached skill level 10 in Armour
 35358 | Shoals:3 | Killed Ilsuiw
 35384 | Shoals:3 | Reached XP level 19. HP: 114/136 MP: 21/29
 35745 | Shoals:3 | Noticed Roxanne
 35752 | Shoals:3 | Noticed Mara
 35758 | Shoals:3 | Noticed tkbsonic5's illusion
 35765 | Shoals:3 | Killed Mara
 35781 | Shoals:3 | Killed Roxanne
 36332 | Shoals:4 | Entered Level 4 of the Shoals
 36364 | Shoals:4 | Noticed Kirke
 36389 | Shoals:4 | Killed Kirke
 36444 | Shoals:4 | Found Hirogen's General Store.
 37079 | Shoals:4 | Identified the +9 scimitar of Woptofunn {freeze, Dex+3}
 37335 | Shoals:4 | Found a large runed translucent door.
 37336 | Shoals:4 | Found a large runed translucent door.
 37337 | Shoals:4 | Noticed Joey1's ghost (journeyman MiBe)
 37404 | Shoals:4 | Reached skill level 16 in Fighting
 37513 | Shoals:4 | Got a barnacled rune of Zot
 37720 | Elf:1    | Entered Level 1 of the Elven Halls
 38182 | Elf:1    | Found Xiejinich's Book Shop.
 38305 | Elf:1    | Got the Collected Works on Supportive Conjuration
 38484 | Elf:1    | Reached skill level 10 in Slings
 39014 | Slime:1  | Entered Level 1 of the Pits of Slime
 39028 | Slime:1  | Reached XP level 20. HP: 145/145 MP: 30/30
 39249 | Slime:1  | Reached ****** piety under Qazlal
 40235 | Slime:3  | Gained mutation: You are clumsy. (Dex -2) [a shining eye]
 40259 | Slime:3  | Gained mutation: Your movements are slightly less
                  | encumbered by armour. (ER -2) [a shining eye]
 40262 | Slime:3  | Gained mutation: You tend to lose your temper in combat. [a
                  | shining eye]
 40263 | Slime:3  | Gained mutation: You are very clumsy. (Dex -4) [a shining
                  | eye]
 40267 | Slime:3  | Gained mutation: You have a pair of small horns on your
                  | head. [a shining eye]
 40269 | Slime:3  | Gained mutation: Armour fits poorly on your strangely
                  | shaped body. [a shining eye]
 40270 | Slime:3  | HP: 2/145 [titanic slime creature (84)]
 40273 | Slime:3  | Mangled by a large slime creature

Illustrated notes

Levels and vault maps discovered:
D:1:      amcnicky_arrival_double_pillar, layout_loops_ring,
          basic_ecumenical_altar, dk_noncrumbling_2, minmay_vboxes
D:2:      layout_basic, serial_bayou, serial_bayou_crossing,
          serial_bayou_pond_b, serial_bayou_lagoon_a, serial_bayou_pond_a
D:3:      kennysheep_goblin_castle, layout_basic, gammafunk_ghost_cemetery,
          minmay_misc_feat_iff, grunt_ministairs_13, chequers_big_river
D:4:      layout_basic, minmay_rat_hole
D:5:      layout_basic, trog_book
D:6:      layout_rooms, kennysheep_little_box
D:7:      layout_basic, lemuel_coloured_pillars_altar, minmay_temple_entry_hall,
          serial_shops, nicolae_shop_crystal, serial_glass, glass_columns_a,
          glass_columns_a, feat_on_display, gammafunk_ghost_split, uniq_pikel
D:8:      layout_loops_ring, ebering_dispersal_statue_hall, uniq_harold
D:9:      layout_layer_cave, yredelemnul_altar_generic
D:10:     layout_irregular_city, grunt_temple_overflow_order_and_chaos_2,
          serial_shops, shop, st_stairs_13
D:11:     layout_loops_corners, minmay_lair_entry_grove, orc_0_dummy
D:12:     evilmike_iron_armoury, layout_irregular_city
D:13:     layout_basic
D:14:     layout_gridville, grunt_vaults_entry_tiered, hangedman_decor_push
D:15:     gammafunk_depths_entry_grave, layout_basic, kennysheep_doodads,
          ebering_ghost_inner_flame
Lair:1:   layout_regular_city, nicolae_quartered_pool_little,
          infiniplex_staircase_pool, lemuel_fruit_fields, grunt_megastairs_3
Lair:2:   layout_roguey, spider_nest_entry_funnel_web, grunt_megastairs_1
Lair:3:   kb_forest_paths, layout_regular_city, shoals_dummy_entry,
          portal_ice_cave_entry_ice_simulacra
Lair:4:   beast_lair_carwin_large_4, layout_gridlike,
          nicolae_volcano_entry_hallway, infiniplex_staircase_pool_2, uniq_urug
Lair:5:   layout_hall_layers
Lair:6:   gammafunk_lair_ancient_temple, layout_loops_ring, slime_altar_1
Shoals:1: layout_shoals
Shoals:2: layout_shoals, uniq_polyphemus
Shoals:3: layout_shoals, uniq_roxanne, uniq_ilsuiw, uniq_mara
Shoals:4: shoals_end_simple, layout_shoals, serial_shops,
          nicolae_shop_behind_doors, ebering_ghost_disaster_area, uniq_kirke
Spider:1: layout_spider_delve, nicolae_spider_some_kinda_spiderbox
Spider:2: layout_chambers
Spider:3: layout_spider_delve, nicolae_spider_paper_wasps
Spider:4: johnstein_spider_rune_arachne_lair, uniq_donald, uniq_arachne,
          uniq_bai_suzhen
Slime:1:  layout_caves, cheibrodos_slime_lost_civilization_7
Slime:2:  layout_caves, special_room [special_room_jelly]
Slime:3:  layout_caves
Orc:1:    layout_diamond_mine, serial_shops, nicolae_shop_statue_plus
Orc:2:    st_orc_rangers, layout_caves
Elf:1:    layout_loops_corners, serial_shops, nicolae_shop_window_shopping,
          minmay_elf_sorcery

Skill      XL: |  1  2  3  4  5  6  7  8  9 10 11 12 13 14 15 16 17 18 19 20 |
---------------+-------------------------------------------------------------+-----
Invocations    | 1 2 3 4 6 8 9 10 11 12 13 14 | 14.7
Maces & Flails | 3 |  3.3
Fighting       | 4 5 7 8 9 10 11 12 13 14 15 16 | 16.5
Polearms       | 1 2 3 4 6 9 12 14 | 14.3
Throwing       | 1 2 3 4 5 7 8 |  8.8
Shields        | 4 5 7 9 10 11 12 13 14 | 14.5
Armour         | 4 6 7 8 10 11 12 | 12.0
Evocations     | 1 2 5 6 7 8 9 |  9.1
Dodging        | 1 2 3 4 5 |  5.3
Crossbows      | 2 |  2.2
Axes           | 2 4 5 |  5.4
Slings         | 1 5 6 7 8 10 | 10.1

Action                   |  1- 3 |  4- 6 |  7- 9 | 10-12 | 13-15 | 16-18 | 19-21 || total
-------------------------+-------+-------+-------+-------+-------+-------+-------++-------
Melee: Flail             |   114 |    18 |       |       |       |       |       ||   132
       Trident           |       |   126 |   514 |   745 |  1428 |  1360 |   122 ||  4295
       Spear             |       |       |       |    15 |       |       |       ||    15
       Mace              |       |       |       |    10 |       |       |       ||    10
       Broad axe         |       |       |       |       |    45 |    21 |       ||    66
       Scimitar          |       |       |       |       |    14 |       |       ||    14
       Demon whip        |       |       |       |       |     3 |       |       ||     3
       Hand axe          |       |       |       |       |       |    67 |       ||    67
       Demon trident     |       |       |       |       |       |       |   504 ||   504
 Fire: Hand crossbow     |       |       |       |       |    13 |       |       ||    13
       Hunting sling     |       |       |       |       |   229 |   781 |   232 ||  1242
Throw: Stone             |     1 |     2 |       |       |       |       |       ||     3
       Dart              |    24 |    36 |    23 |    72 |    98 |    47 |       ||   300
       Javelin           |       |    23 |    30 |     9 |       |       |    40 ||   102
       Throwing net      |       |       |       |     4 |       |     1 |       ||     5
       Boomerang         |       |       |       |       |    20 |    29 |     2 ||    51
Invok: Upheaval          |       |     3 |     3 |    17 |    15 |    11 |     1 ||    50
       Elemental Force   |       |       |     3 |       |     7 |     9 |     1 ||    20
       Disaster Area     |       |       |       |       |       |     5 |     5 ||    10
Evoke: Wand              |       |       |       |    14 |    35 |    10 |     3 ||    62
       Lightning rod     |       |       |       |       |     7 |     4 |     3 ||    14
       Tin of tremorston |       |       |       |       |       |       |     2 ||     2
  Use: Scroll            |     3 |     4 |     5 |     5 |    21 |     7 |       ||    45
       Potion            |       |     1 |     3 |     5 |    13 |    13 |     7 ||    42
 Stab: Paralysed         |       |       |       |       |       |     8 |     3 ||    11
       Petrified         |       |       |       |       |       |     8 |       ||     8
       Petrifying        |       |       |       |       |       |     1 |       ||     1
       Distracted        |       |       |       |       |       |       |     1 ||     1
Armor: Scale mail        |   102 |    99 |   213 |   458 |   469 |       |       ||  1341
       Plate armour      |       |       |       |    20 |   148 |  1471 |   212 ||  1851
Dodge: Dodged            |    48 |    72 |   163 |   236 |   400 |   578 |   131 ||  1628
       Repelled          |       |       |       |       |     1 |     6 |    14 ||    21
Block: Kite shield       |   112 |   158 |   329 |   536 |  1061 |  2230 |   412 ||  4838
       Reflection        |       |       |       |       |       |    34 |    39 ||    73
       Rpst.: Scimitar   |       |       |       |       |     2 |       |       ||     2
